 Dungeon Crawl Stone Soup version 0.32-a0-918-g0f22ef8d61 (webtiles) character file.

Game seed: 3573826564948956948

84 spaghetti the Ruffian (level 4, -4/52 HPs)
             Began as a Demonspawn Berserker on Apr 10, 2024.
             Was a Believer of Trog.
             Slain by an orc warrior
             ... wielding a +0 flail
              (8 damage)
             ... on level 3 of the Dungeon.
             The game lasted 00:02:38 (2195 turns).

spaghetti the Ruffian (Demonspawn Berserker)        Turns: 2195, Time: 00:02:38

Health: -4/52      AC:  2    Str: 17    XL:     4   Next: 24%
Magic:  13/13      EV: 13    Int:  8    God:    Trog [**....]
Gold:   109        SH:  0    Dex: 14    Spells: 3/3 levels left

rFire   . .          .
                       - Unarmed
rCold   . . .        (no shield)
rNeg    . . .        a - +0 animal skin
rPois   .            (helmet restricted)
rElec   .            (no cloak)
rCorr   .            (no gloves)
SInv    .            (no boots)
Will    .....        (no amulet) Stlth
                     b - ring of magical power
HPRegen 0.28/turn    (no ring)
MPRegen 0.13/turn

%: no passive effects
@: berserking (expiring), very quick
A: antennae 1, repulsion field 1, ignite blood 1
a: Renounce Religion, Berserk, Trog's Hand


You were on level 3 of the Dungeon.
You worshipped Trog.
Trog was pleased with you.
You visited 1 branch of the dungeon, and saw 3 of its levels.

You collected 109 gold pieces.

Inventory:

Armour
 a - a +0 animal skin (worn)
Jewellery
 b - a ring of magical power (left hand)
Talismans
 i - a storm talisman
Scrolls
 c - a scroll of silence {unknown}
 e - a scroll of identify {unknown}
 f - a scroll of poison {unknown}
 g - a scroll of noise {unknown}
 h - a scroll of teleportation {unknown}
 j - a scroll of enchant armour {unknown}
 l - a scroll of amnesia {unknown}
Potions
 d - a potion of lignification {unknown}
 k - a potion of cancellation {unknown}


   Skills:
 - Level 3.0 Fighting
 - Level 1.7 Armour
 - Level 1.7 Dodging
 + Level 4.6 Unarmed Combat


You had 3 spell levels left.
You didn't know any spells.
Your spell library was empty.

Dungeon Overview and Level Annotations

Branches:
Dungeon (3/15)

Altars:


Innate Abilities, Weirdness & Mutations

You have a pair of small antennae on your head.
You are surrounded by a mild repulsion field. (EV +2)
Your demonic aura sometimes causes spilled blood to erupt in flames.


Message History

The orc warrior is lightly wounded.
The orc priest mumbles some strange prayers to Beogh against you.
You barely resist. You closely miss the orc warrior.
The orc warrior is lightly wounded.
The orc throws a boomerang.
The boomerang hits you. The orc warrior misses you.
You hit the orc warrior.
The orc warrior is lightly wounded.
The orc warrior hits you with a +0 flail.
You are too injured to fight recklessly!
You are too injured to fight recklessly!
You are too injured to fight recklessly!
You are too injured to fight recklessly!
You are too injured to fight recklessly!
You are too injured to fight recklessly!
You are too injured to fight recklessly!
You are too injured to fight recklessly!
Unknown command.
Unknown command.
Unknown command.
A red film seems to cover your vision as you go berserk!
You feel yourself moving faster!
You feel mighty!
The orc warrior hits you with a +0 flail!
The orc priest calls upon Beogh to heal the orc warrior.
The orc warrior's wounds heal themselves!
You hit the orc warrior.
The orc warrior is lightly wounded.
The orc warrior hits you with a +0 flail!
The orc completely misses you. The orc priest closely misses you.
You hit the orc warrior.
The orc warrior is moderately wounded.
You closely miss the orc warrior.
The orc warrior is moderately wounded.
The orc misses you. The orc warrior closely misses you.
The orc priest invokes the aid of Beogh against you.
Beogh smites you!
* * * LOW HITPOINT WARNING * * *
Unknown command.
The orc warrior hits you with a +0 flail!
You die...

##.....##.##.#
#..<)#..#..#.##
#.......#.....#######
.....#._.<.#..#†........
....#.......#..#...###.#
#.. #..<.#..#..#...# #.
##.....##.##...# #
..#####o........#
.......°@..##..##
#.#...oo##.##..#
#..#...###.##..# # #$##
#.##..# ... #.##..# ###
#.##..# .$..... ...>..
##..#


You could see an orc warrior, an orc priest and an orc.

Vanquished Creatures
  Terence (D:3)
  2 adders (D:2)
  4 bats
  7 endoplasms
  A giant cockroach (D:1)
  5 goblins
  4 hobgoblins
  3 kobolds (D:1)
  3 quokkas
  2 ball pythons
  4 frilled lizards
  2 rats (D:1)
38 creatures vanquished.

Notes
Turn   | Place    | Note
-------+----------+-------------------------------------------
     0 | D:1      | spaghetti the Demonspawn Berserker began the quest for the
                  | Orb.
     0 | D:1      | Reached XP level 1. HP: 18/18 MP: 1/1
   245 | D:1      | Reached skill level 3 in Unarmed Combat
   265 | D:1      | Gained mutation: You have a pair of small antennae on your
                  | head. [demonic ancestry]
   265 | D:1      | Reached XP level 2. HP: 16/24 MP: 2/2
   586 | D:1      | You fall into a shaft and drop 1 floor!
   795 | D:1      | Gained mutation: Your demonic aura sometimes causes spilled
                  | blood to erupt in flames. [demonic ancestry]
   795 | D:1      | Reached XP level 3. HP: 29/29 MP: 3/3
  1268 | D:1      | Reached skill level 4 in Unarmed Combat
  1476 | D:2      | HP: 1/29 [poisoned by an adder]
  1641 | D:2      | Reached ** piety under Trog
  2123 | D:3      | Noticed Terence
  2123 | D:3      | Found a faded altar of an unknown god.
  2128 | D:3      | Killed Terence
  2129 | D:3      | Gained mutation: You are surrounded by a mild repulsion
                  | field. (EV +2) [demonic ancestry]
  2129 | D:3      | Reached XP level 4. HP: 35/35 MP: 4/4
  2183 | D:3      | Noticed an orc warrior
  2195 | D:3      | Slain by an orc warrior

Illustrated notes

Levels and vault maps discovered:
D:1:      lemuel_arrival_broad_hall, layout_basic, chequers_decorated_corner,
          minmay_pentomino_r2
D:2:      layout_loops_cross
D:3:      layout_basic, nicolae_ecumenical_pavilion, uniq_terence

Skill      XL: |  1  2  3 |
---------------+----------+-----
Unarmed Combat | 3 4 |  4.6
Fighting       | |  3.0
Armour         | |  1.7
Dodging        | |  1.7

Action                     |  1- 3 |  4- 6 || total
---------------------------+-------+-------++-------
  Melee: Unarmed           |   117 |    12 ||   129
         Punch             |     3 |     1 ||     4
 Invoke: Berserk           |     2 |     1 ||     3
   Stab: Sleeping          |     1 |       ||     1
 Armour: Animal skin       |    72 |     8 ||    80
  Dodge: Dodged            |    61 |    15 ||    76

Table legend: (Time is in decaauts)
 A = Elapsed time spent in this place.
 B = Non-inter-level travel time spent in this place.
 C = Inter-level travel time spent in this place.
 D = Time resting spent in this place.
 E = Time spent auto-exploring this place.
 F = Levels seen in this place.
 G = Mean time per level.
                   A        B        C        D        E       F      G
               +--------+--------+--------+--------+--------+-----+--------+
         Total |   2210 |   2153 |     57 |    202 |   1624 |   3 |  736.7 |
       Dungeon |   2210 |   2153 |     57 |    202 |   1624 |   3 |  736.7 |
               +--------+--------+--------+--------+--------+-----+--------+

Top non-repeatable levels by time:
     D:1: 1357 daAuts
     D:2: 769 daAuts
     D:3: 83 daAuts
